 Dungeon Crawl Stone Soup version 0.29-a0-717-g6dac4ea423 (webtiles) character file.

Game seed: 15913672949989902494

140 Mgcat the Chopper (level 5, 0/81 HPs)
             Began as an Ogre Gladiator on June 14, 2022.
             Was an Initiate of Makhleb.
             Succumbed to a scorpion's poison
             ... on level 5 of the Dungeon on June 26, 2022.
             The game lasted 00:04:38 (3142 turns).

Mgcat the Chopper (Ogre Gladiator)                  Turns: 3142, Time: 00:04:39

Health: 0/81       AC:  3    Str: 26    XL:     5   Next: 23%
Magic:  5/5        EV: 10    Int: 13    God:    Makhleb [......]
Gold:   25         SH:  0    Dex: 10    Spells: 4/4 levels left

rFire   . . .      SeeInvis +   a - +0 war axe
rCold   x . .      Faith    .   (no shield)
rNeg    . . .      Spirit   .   b - +0 robe
rPois   .          Reflect  .   c - +0 hat
rElec   .          Harm     .   (no cloak)
rCorr   .          Rampage  .   (gloves unavailable)
Will    .....                   (boots unavailable)
Stlth   ..........              (no amulet)
HPRegen 0.23/turn               v - ring "Kenteh" {rC- Str+6 Int+4 SInv}
MPRegen 0.09/turn               (no ring)

@: berserking, lethally poisoned (0 -> -21), very quick
A: large, unfitting armour, tough skin 1
a: Renounce Religion


You were on level 5 of the Dungeon.
You worshipped Makhleb.
Makhleb was noncommittal.
You visited 1 branch of the dungeon, and saw 5 of its levels.

You collected 155 gold pieces.
You spent 130 gold pieces at shops.

Inventory:

Hand Weapons
 a - a +0 war axe (weapon)
Missiles
 d - 4 throwing nets {=f, !d}
 e - a large rock (quivered) {!d}
Armour
 b - a +0 robe (worn)
 c - a +0 hat (worn)
Jewellery
 v - the ring "Kenteh" (left hand) {rC- Str+6 Int+4 SInv}
   (You found it on level 4 of the Dungeon)

   [ring of strength]

   Str:       It affects your strength (+6).
   Int:       It affects your intelligence (+4).
   rC:        It makes you vulnerable to cold.
   SInv:      It lets you see invisible.
Scrolls
 f - 2 scrolls of teleportation {unknown}
 h - 2 scrolls of vulnerability {unknown}
 i - 3 scrolls of identify {unknown}
 j - 4 scrolls of fog {unknown}
 l - a scroll of poison {unknown}
 m - a scroll of fear {unknown}
 r - a scroll of torment {unknown}
Potions
 g - a potion of brilliance {unknown}
 k - a potion of lignification {unknown}
 n - a potion of curing {unknown}
 o - a potion of flight {unknown}
 p - 2 potions of might {unknown}
 q - a potion of cancellation {unknown}
 u - a potion of mutation {unknown}


   Skills:
 + Level 4.0 Fighting
 * Level 4.2 Axes
 + Level 2.8 Throwing
 + Level 3.3 Dodging


You had 4 spell levels left.
You didn't know any spells.
Your spell library contained the following spells:

 Spells                   Type           Power      Damage    Failure   Level
 Poisonous Vapours        Pois/Air       0%         N/A       43%         2
 Sublimation of Blood     Necr           0%         N/A       43%         2
 Wereblood                Tmut           0%         N/A       43%         2
 Ozocubu's Armour         Ice            0%         N/A       67%         3
 Corpse Rot               Necr/Pois/Air  0%         N/A       97%         4
 Metabolic Englaciation   Hex/Ice        0%         N/A       100%        5
 Simulacrum               Ice/Necr       0%         N/A       100%        6
 Summon Hydra             Summ           0%         N/A       100%        7


Dungeon Overview and Level Annotations

Branches:
Dungeon (5/15)
 Temple: D:4-7

Altars:
Makhleb
Ru

Shops:
D:4 !


Innate Abilities, Weirdness & Mutations

You are too large for most types of armour.
You have tough skin. (AC +1)


Message History

You take 2 damage, and have 46/48 hp.
Spoiler Alert: The gnoll shaman can heal itself and can heal or Haste other gnolls!
You barely miss the gnoll shaman. The gnoll shaman barely misses you.
Warning x2: The gnoll can hit for moderate damage in melee, and throws nets!
The gnoll shaman can heal itself and can heal or Haste other gnolls!
You slash the gnoll shaman!
The gnoll shaman is heavily wounded.
The gnoll shaman misses you.
The gnoll shaman hits you with a +0 whip.
You take 2 damage, and have 44/48 hp.
Warning x2: The gnoll can hit for moderate damage in melee, and throws nets!
The gnoll shaman can heal itself and can heal or Haste other gnolls!
You hit the gnoll shaman.
The gnoll shaman is severely wounded.
The gnoll barely misses you. The gnoll shaman barely misses you.
Warning x2: The gnoll can hit for moderate damage in melee, and throws nets!
The gnoll shaman can heal itself and can heal or Haste other gnolls!
You closely miss the gnoll shaman.
The gnoll shaman is severely wounded.
The gnoll closely misses you.
The gnoll shaman hits you with a +0 whip.
You take 4 damage, and have 40/48 hp.
Warning x2: The gnoll can hit for moderate damage in melee, and throws nets!
The gnoll shaman can heal itself and can heal or Haste other gnolls!
You hit the gnoll shaman but do no damage.
The gnoll shaman is severely wounded.
The gnoll closely misses you.
The gnoll shaman hits you with a +0 whip.
The gnoll hits you from afar with a +0 halberd!
A necrophage comes into view.
The gnoll shaman closely misses you.
You take 8 damage, and have 32/48 hp.
Warning x2: The gnoll can hit for moderate damage in melee, and throws nets!
The gnoll shaman can heal itself and can heal or Haste other gnolls!
You are too injured to fight recklessly!
Warning x2: The gnoll can hit for moderate damage in melee, and throws nets!
The gnoll shaman can heal itself and can heal or Haste other gnolls!
You hit the gnoll shaman.
The gnoll shaman is severely wounded.
The gnoll hits you from afar with a +0 halberd!
The gnoll shaman hits you with a +0 whip.
You take 13 damage, and have 19/48 hp.
MASSIVE DAMAGE!!
Warning x2: The gnoll can hit for moderate damage in melee, and throws nets!
The gnoll shaman can heal itself and can heal or Haste other gnolls!
You slash the gnoll shaman!
You kill the gnoll shaman!
Makhleb accepts your kill.
The gnoll hits you from afar with a +0 halberd!
* * * LOW HITPOINT WARNING * * *
Your Fighting skill increases to level 4!
You have reached level 5!
You take 14 damage, and have 5/54 hp.
MASSIVE DAMAGE!!
MP restored: 5 Spoiler Alert: The gnoll can hit for moderate damage in melee, and throws nets!
You feel much better.
The gnoll hits you from afar with a +0 halberd!
You regained 12 hp, and now have 17/54 hp.
There is a stone staircase leading down here.
You climb downwards.
There is a stone staircase leading up here.
You aren't carrying any items that you can evoke.
Really quaff
s - a potion of berserk rage {!q}?
Okay, then.
Unknown command.
Unknown command.
Unknown command.
Okay, then.
Really quaff
s - a potion of berserk rage {!q}?
A red film seems to cover your vision as you go berserk!
You feel yourself moving faster!
You feel mighty!
You now have 30/81 hp.
You slash the scorpion!
The scorpion is severely wounded.
The scorpion stings you.
You are poisoned.
The scorpion poisons you!
You take 4 damage, and have 26/81 hp.
You closely miss the scorpion.
The scorpion is severely wounded.
You feel sick. The scorpion stings you.
* * * LOW HITPOINT WARNING * * *
You take 6 damage, and have 20/81 hp.
You barely miss the scorpion.
The scorpion is severely wounded.
You feel sick. The scorpion stings you.
* * * LOW HITPOINT WARNING * * *
You take 6 damage, and have 14/81 hp.
You closely miss the scorpion.
The scorpion is severely wounded.
You feel sick. The scorpion stings you.
* * * LOW HITPOINT WARNING * * *
You are lethally poisoned!
The scorpion poisons you!
You take 6 damage, and have 8/81 hp.
You hit the scorpion.
The scorpion is almost dead.
* * * LOW HITPOINT WARNING * * *
You feel very sick. The scorpion stings you.
* * * LOW HITPOINT WARNING * * *
You are more poisoned.
The scorpion poisons you!
You take 4 damage, and have 4/81 hp.
You are too berserk!
You barely miss the scorpion.
The scorpion is almost dead.
You die...

#.##. .....
....## .
#.... ..
#... #...
#... .....
##...##...#
#....@....#
#....s....#
#.........#
##...##...#
#... ...#
#... .....
#... .....
+... .....


You could see a scorpion.

Vanquished Creatures
  A gnoll shaman (D:4)
  A gnoll (D:3)
  4 adders
  2 worms (D:2)
  2 dart slugs
  An orc (D:3)
  5 ball pythons
  5 bats
  3 endoplasms
  5 giant cockroaches
  4 goblins
  5 hobgoblins
  5 jackals
  2 frilled lizards (D:3)
  5 kobolds
  3 rats
53 creatures vanquished.

Notes
Turn   | Place    | Note
-------+----------+-------------------------------------------
     0 | D:1      | Mgcat the Ogre Gladiator began the quest for the Orb.
     0 | D:1      | Reached XP level 1. HP: 22/22 MP: 1/1
   212 | D:1      | Reached XP level 2. HP: 29/29 MP: 2/2
   619 | D:1      | Reached skill level 3 in Fighting
   875 | D:2      | Reached XP level 3. HP: 29/37 MP: 3/3
  1188 | D:2      | Reached skill level 3 in Dodging
  1216 | D:2      | Found a faded altar of an unknown god.
  1608 | D:2      | Upgraded the game from 0.29-a0-582-ge82337ba6a to
                  | 0.29-a0-717-g6dac4ea423
  1812 | D:3      | Reached XP level 4. HP: 41/45 MP: 4/4
  2168 | D:3      | Reached skill level 4 in Axes
  2280 | D:3      | Found a burning altar of Makhleb.
  2282 | D:3      | Noticed an Executioner
  2286 | D:3      | Noticed an orange demon
  2286 | D:3      | Noticed a ynoxinul
  2288 | D:3      | Became a worshipper of Makhleb the Destroyer
  3022 | D:4      | Found Oduat's Distillery.
  3030 | D:4      | Bought a potion of berserk rage for 65 gold pieces
  3030 | D:4      | Bought a potion of heal wounds for 65 gold pieces
  3080 | D:4      | Identified the ring "Kenteh" {rC- Str+6 Int+4 SInv}
  3112 | D:4      | Found a sacrificial altar of Ru.
  3117 | D:4      | Noticed a necrophage
  3119 | D:4      | HP: 4/48 [gnoll/+0 halberd[a gnoll shaman] (15)]
  3120 | D:4      | Reached skill level 4 in Fighting
  3120 | D:4      | Reached XP level 5. HP: 5/54 MP: 5/5
  3133 | D:5      | Entered Level 5 of the Dungeon
  3138 | D:5      | HP: 20/81 [scorpion (4)]
  3140 | D:5      | HP: 8/81 [scorpion (6)]
  3142 | D:5      | Succumbed to a scorpion's poison

Illustrated notes

Levels and vault maps discovered:
D:1:      mrwooster_arrival_statue, layout_basic
D:2:      layout_basic, shapermc_ecumenical_altar_gd
D:3:      layout_basic, makhleb_altar_promises_db, patterned_corridor
D:4:      layout_loops_cross, mainiacjoe_overflow_tiny_flanked, serial_shops,
          shop, uniq_grinder
D:5:      layout_gridville, minmay_temple_entry_junction_2, serial_shops,
          nicolae_shop_window_shopping

Skill      XL: |  1  2  3  4 |
---------------+-------------+-----
Fighting       | 3 4 |  4.0
Dodging        | 3 |  3.3
Axes           | 4 |  4.2
Throwing       | |  2.8

Action                   |  1- 3 |  4- 6 || total
-------------------------+-------+-------++-------
Melee: War axe           |    83 |    61 ||   144
Throw: Large rock        |     3 |       ||     3
  Use: Potion            |       |     2 ||     2
 Stab: Sleeping          |     1 |       ||     1
Armor: Robe              |    37 |     9 ||    46
Dodge: Dodged            |    54 |    38 ||    92

Table legend: (Time is in decaauts)
 A = Elapsed time spent in this place.
 B = Non-inter-level travel time spent in this place.
 C = Inter-level travel time spent in this place.
 D = Time resting spent in this place.
 E = Time spent auto-exploring this place.
 F = Levels seen in this place.
 G = Mean time per level.
                   A        B        C        D        E       F      G
               +--------+--------+--------+--------+--------+-----+--------+
         Total |   3190 |   3111 |     79 |    550 |   2095 |   5 |  638.0 |
       Dungeon |   3190 |   3111 |     79 |    550 |   2095 |   5 |  638.0 |
               +--------+--------+--------+--------+--------+-----+--------+

Top non-repeatable levels by time:
     D:3: 1257 daAuts
     D:2: 922 daAuts
     D:1: 724 daAuts
     D:4: 278 daAuts
     D:5: 8 daAuts

Table legend:
 A = Kills in this place as a percentage of kills in entire the game.
 B = Kills by you in this place as a percentage of kills by you in the entire game.
 C = Kills by friends in this place as a percentage of kills by friends in the entire game.
 D = Other kills in this place as a percentage of other kills in the entire game.
 E = Experience gained in this place as a percentage of experience gained in the entire game.
 F = Experience gained in this place divided by the number of levels of this place that you have seen.
                   A       B       C       D       E      F
               +-------+-------+-------+-------+-------+----------------------
         Total | 100.0 | 100.0 |   N/A |   N/A | 100.0 |  40.2
       Dungeon | 100.0 | 100.0 |   N/A |   N/A | 100.0 |  40.2
               +-------+-------+-------+-------+-------+----------------------
